 Dungeon Crawl Stone Soup version 0.28-a0-511-gcc94558de3 (webtiles) character file.

Game seed: 16699297533891987581

494 siradein the Ducker (level 6, -6/48 HPs)
             Began as a Demonspawn Gladiator on Sept 22, 2021.
             Was an Initiate of Gozag.
             Succumbed to a kobold's poison
             ... on level 4 of the Dungeon.
             The game lasted 00:11:03 (3726 turns).

siradein the Ducker (Demonspawn Gladiator)          Turns: 3726, Time: 00:11:03

Health: -6/48      AC: 11    Str: 15    XL:     6   Next: 92%
Magic:  6/6        EV: 10    Int:  9    God:    Gozag
Gold:   108        SH:  3    Dex: 16    Spells: 5/5 levels left

rFire   . . .      SeeInvis .   a - +0 long sword
rCold   + . .      Faith    .   i - +0 buckler
rNeg    . . .      Spirit   .   p - +1 scale mail {rC+}
rPois   .          Reflect  .   c - +0 helmet
rElec   .          Harm     .   (no cloak)
rCorr   .          Rampage  .   (no gloves)
Will    .....                   y - +0 pair of boots
Stlth   ..........              (no amulet)
HPRegen 0.16/turn               (no ring)
MPRegen 0.10/turn               (no ring)

@: lethally poisoned (-6 -> -41)
A: talons 2, icy blue scales 1
a: Renounce Religion, Potion Petition, Call Merchant, Bribe Branch


You were on level 4 of the Dungeon.
You worshipped Gozag.
Gozag was aware of your devotion.
You visited 1 branch of the dungeon, and saw 4 of its levels.

You collected 236 gold pieces.
You spent 84 gold pieces at shops.
You paid 44 gold pieces to Gozag.

Inventory:

Hand Weapons
 a - a +0 long sword (weapon)
Missiles
 b - 5 atropa-tipped darts
 d - 3 throwing nets
 k - 126 stones
 q - 13 poisoned darts
 r - 5 boomerangs (quivered)
Armour
 c - a +0 helmet (worn)
 i - a +0 buckler (worn)
 p - a +1 scale mail of cold resistance (worn)
 y - a +0 pair of boots (worn)
Wands
 u - a wand of iceblast (4)
Scrolls
 e - a scroll of silence {unknown}
 f - a scroll of noise {unknown}
 h - 3 scrolls of teleportation
 j - a scroll of enchant weapon {unknown}
 m - a scroll of blinking {unknown}
 s - 2 scrolls of immolation {unknown}
 t - a scroll of magic mapping {unknown}
 x - 2 scrolls of identify {unknown}
 z - a scroll of fog {unknown}
Potions
 g - 7 potions of curing
 l - a potion of magic {unknown}
 n - a potion of degeneration {unknown}
 o - 2 potions of flight {unknown}
 v - a potion of resistance {unknown}
 w - a potion of lignification {unknown}


   Skills:
 + Level 4.0 Fighting
 + Level 4.2 Long Blades
 + Level 3.7 Throwing
 + Level 4.3 Dodging


You had 5 spell levels left.
You didn't know any spells.
Your spell library contained the following spells:

 Spells                   Type           Power      Damage    Failure   Level
 Animate Skeleton         Necr           0%         N/A       96%         1
 Pain                     Necr           0%         1d4       96%         1
 Ozocubu's Armour         Ice            0%         N/A       100%        3
 Vampiric Draining        Necr           0%         2d6       100%        3
 Metabolic Englaciation   Hex/Ice        0%         N/A       100%        5
 Simulacrum               Ice/Necr       0%         N/A       100%        6


Dungeon Overview and Level Annotations

Branches:
Dungeon (4/15)
 Temple: D:4-7

Altars:
Gozag
Qazlal
Xom
Zin

Shops:
D:2 !

Annotations:
D:4 Grinder


Innate Abilities, Weirdness & Mutations

You have razor-sharp toenails.
You are partially covered in icy blue scales. (AC +2)


Message History

You feel very sick. You block the kobold's attack.
You hit the kobold.
The kobold is severely wounded.
You feel sick. The kobold hits you but does no damage.
You are more poisoned.
You closely miss the kobold.
The kobold is severely wounded.
You feel very sick. The kobold closely misses you.
You closely miss the kobold.
The kobold is severely wounded.
You feel sick.
The kobold hits you but does no damage. x2
You closely miss the kobold.
The kobold is severely wounded.
You feel sick. The kobold hits you but does no damage.
You are more poisoned.
You barely miss the kobold.
The kobold is severely wounded.
You feel very sick.
The kobold hits you with a +2 short sword of venom.
You are lethally poisoned!
You completely miss the kobold.
The kobold is severely wounded.
You feel very sick. The kobold hits you but does no damage.
You are more poisoned.
The kobold hits you with a +2 short sword of venom.
* * * LOW HITPOINT WARNING * * *
You are more poisoned.
You barely miss the kobold.
The kobold is severely wounded.
* * * LOW HITPOINT WARNING * * *
You feel extremely sick. The kobold hits you but does no damage.
You are more poisoned.
You hit the kobold but do no damage.
The kobold is severely wounded.
You die...
Your body crumbles into a pile of gold.

### ####..# ## ......
#.. .....### ..#.
....# ..###..##
#.###..## ######
#@.##..)## ##..<..
##.K##....###......
##...##)#...#.......
##....##.##..........
#._#.....####....._..
##....##.# #...#####
##......# #...#...#
##...#........#...#
#..)#...####..#...#


You could see a kobold.

Vanquished Creatures
  A black bear (D:4)
  A necrophage (D:4)
  2 hounds (D:4)
  An orc priest (D:2)
  An iguana (D:4)
  Ijyb (D:3)
  6 adders
  5 dart slugs
  6 orcs
  4 endoplasms
  4 giant cockroaches
  11 goblins
  7 hobgoblins
  8 jackals
  11 kobolds
  5 quokkas
  2 ball pythons
  11 bats
  5 frilled lizards
  7 rats
99 creatures vanquished.

Vanquished Creatures (others)
  A plant (D:1)
1 creature vanquished.

Grand Total: 100 creatures vanquished

Notes
Turn   | Place    | Note
-------+----------+-------------------------------------------
     0 | D:1      | siradein the Demonspawn Gladiator began the quest for the
                  | Orb.
     0 | D:1      | Reached XP level 1. HP: 16/16 MP: 1/1
   223 | D:1      | Gained mutation: You are partially covered in icy blue
                  | scales. (AC +2) [demonic ancestry]
   223 | D:1      | Reached XP level 2. HP: 22/22 MP: 2/2
   866 | D:1      | Reached XP level 3. HP: 28/28 MP: 3/3
  1276 | D:2      | Found a faded altar of an unknown god.
  1508 | D:2      | Gained mutation: You have sharp toenails. [demonic
                  | ancestry]
  1508 | D:2      | Reached XP level 4. HP: 34/34 MP: 4/4
  1520 | D:2      | Found Coneesmono's Distillery.
  2419 | D:3      | Reached XP level 5. HP: 31/41 MP: 5/5
  2545 | D:3      | Noticed Ijyb
  2557 | D:3      | Killed Ijyb
  3057 | D:4      | Noticed Grinder
  3121 | D:4      | Found an opulent altar of Gozag.
  3125 | D:4      | Found a stormy altar of Qazlal.
  3129 | D:4      | Became a worshipper of Gozag Ym Sagoz the Greedy
  3204 | D:2      | Bought 2 potions of curing for 84 gold pieces
  3242 | D:4      | Noticed an angel
  3429 | D:4      | Paralysed by Grinder for 6 turns
  3516 | D:4      | Found a shimmering altar of Xom.
  3531 | D:4      | Noticed a black bear
  3536 | D:4      | Noticed a necrophage
  3554 | D:4      | Killed a black bear
  3555 | D:4      | Gained mutation: You have razor-sharp toenails. [demonic
                  | ancestry]
  3555 | D:4      | Reached XP level 6. HP: 33/47 MP: 6/6
  3694 | D:4      | Found a shimmering altar of Xom.
  3725 | D:4      | HP: 2/48 [poisoned by a kobold]
  3726 | D:4      | Succumbed to a kobold's poison

Illustrated notes

Levels and vault maps discovered:
D:1:      dpeg_arrival_refuge, layout_basic, serial_bayou_ford_a
D:2:      layout_basic, serial_shops, shop,
          shapermc_ecumenical_altar_starsandcircs, kennysheep_generic_room_4
D:3:      layout_basic, minivault_4, guppyfry_early_lair_pool, uniq_ijyb
D:4:      layout_layer_cave, grunt_temple_overflow_order_and_chaos_1,
          grunt_temple_overflow_open, minmay_temple_entry_waves,
          minmay_ruined_shrine, uniq_eustachio, uniq_menkaure, uniq_grinder

Skill      XL: |  1  2  3  4  5  6 |
---------------+-------------------+-----
Throwing       | 2 3 |  3.7
Dodging        | 3 4 |  4.3
Long Blades    | 3 4 |  4.2
Fighting       | 3 4 |  4.0

Action                   |  1- 3 |  4- 6 || total
-------------------------+-------+-------++-------
Melee: Long sword        |   121 |   183 ||   304
       Kick              |       |    26 ||    26
Throw: Boomerang         |       |     3 ||     3
  Use: Scroll            |       |     1 ||     1
Armor: Chain mail        |    98 |       ||    98
       Scale mail        |     3 |   112 ||   115
Dodge: Dodged            |    41 |    90 ||   131
Block: Buckler           |    16 |    36 ||    52

Table legend: (Time is in decaauts)
 A = Elapsed time spent in this place.
 B = Non-inter-level travel time spent in this place.
 C = Inter-level travel time spent in this place.
 D = Time resting spent in this place.
 E = Time spent auto-exploring this place.
 F = Levels seen in this place.
 G = Mean time per level.
                   A        B        C        D        E       F      G
               +--------+--------+--------+--------+--------+-----+--------+
         Total |   3845 |   3750 |     95 |    317 |   2190 |   4 |  961.2 |
       Dungeon |   3845 |   3750 |     95 |    317 |   2190 |   4 |  961.2 |
               +--------+--------+--------+--------+--------+-----+--------+

Top non-repeatable levels by time:
     D:2: 1444 daAuts
     D:3: 1087 daAuts
     D:1: 933 daAuts
     D:4: 381 daAuts
